NCAA
TEXAS CHRISTIAN HORNED FROGS @ VIRGINIA CAVALIERS
05/07/2027
 
TOP OF THE 1ST
Texas Christian Horned Frogs batting - Pitching for Virginia Cavaliers : RHP Michael Waller
Pitching: RHP Michael Waller
Batting: LHB Winston Lewis 0-0: Called Strike
0-1: Called Strike
0-2: Foul Ball, location: 2F
0-2: Fly out, F7 (Flyball, 7S)
Batting: RHB Stan Webb 0-0: Called Strike
0-1: Ball
1-1: Called Strike
1-2: SINGLE (Line Drive, 78M)
Batting: LHB Todd Gilliam 0-0: SINGLE (Groundball, 4D)
Stan Webb to second
Runner from 2nd tries for 3rd, SAFE, no throw
Batting: RHB Brad Ravenshaw 0-0: Ball
1-0: Ball
2-0: SINGLE (Groundball, 6MD)
Stan Webb scores
Todd Gilliam to second
Batting: RHB Britt Short 0-0: Called Strike
0-1: Fly out, F9 (Flyball, 89D)
Runner from 2nd tags up, SAFE at 3rd, no throw
Batting: RHB Stan Davis 0-0: Called Strike
0-1: Ball
1-1: Called Strike
1-2: Fielders Choice at 2nd, 6-4 (Groundball, 6)
Top of the 1st over - 1 run(s), 3 hit(s), 0 error(s), 1 left on base; Texas Christian 1 - Virginia 0
BOTTOM OF THE 1ST
Virginia Cavaliers batting - Pitching for Texas Christian Horned Frogs : LHP Joe Roberts
Pitching: LHP Joe Roberts
Batting: LHB Domingo González 0-0: Called Strike
0-1: Ball
1-1: DOUBLE (Line Drive, 89M)
Batting: RHB Mark Whiffen 0-0: Ball
1-0: Ball
2-0: Ball
3-0: Base on Balls
Batting: RHB Bartolo Reyes 0-0: Ball
1-0: Foul Ball, location: 2F
1-1: SINGLE (Line Drive, 78M)
Domingo González to third
Mark Whiffen to second
Runner from 3rd tries for Home, SAFE, no throw
Batting: SHB Walton Locke 0-0: Ball
1-0: Swinging Strike
1-1: DOUBLE (Line Drive, 3D)
Mark Whiffen scores
Bartolo Reyes to third
Batting: RHB Pat McDonald 0-0: Called Strike
0-1: Ball
1-1: 3-RUN HOME RUN (Flyball, 7D), Distance : 346 ft
Batting: RHB Eric Barthorpe 0-0: Fly out, F8 (Flyball, 8RS)
Batting: LHB Brett Anderson 0-0: Called Strike
0-1: Foul Ball, location: 2F
0-2: Ball
1-2: Ball
2-2: SINGLE (Line Drive, 6MD)
Batting: LHB Pablo Espinoza 0-0: Called Strike
0-1: Called Strike
0-2: Ball
1-2: Ball
2-2: Ball
3-2: Foul Ball, location: 2F
3-2: Foul Ball, location: 2F
3-2: Base on Balls
Brett Anderson to second
Batting: RHB Jonathan Reynolds 0-0: Fly out, F7 (Flyball, 78S)
Batting: LHB Domingo González 0-0: Fly out, F7 (Flyball, 7S)
Bottom of the 1st over - 5 run(s), 5 hit(s), 0 error(s), 2 left on base; Texas Christian 1 - Virginia 5
TOP OF THE 2ND
Texas Christian Horned Frogs batting - Pitching for Virginia Cavaliers : RHP Michael Waller
Batting: LHB John Perkins 0-0: Ball
1-0: Ball
2-0: Fly out, F8 (Flyball, 8RM)
Batting: RHB Jeff Byford 0-0: Ball
1-0: Called Strike
1-1: Ball
2-1: SINGLE (Line Drive, 6D)
Batting: LHB Paul Lee 0-0: Ball
1-0: Ball
2-0: Ball
3-0: Called Strike
3-1: Swinging Strike
3-2: SINGLE (Groundball, 4D)
Jeff Byford to second
Throwing error, E9
Jeff Byford scores
Paul Lee to second
Batting: LHB Winston Lewis 0-0: Ball
1-0: Called Strike
1-1: Foul Ball, location: 2F
1-2: Strikes out swinging
Batting: RHB Stan Webb 0-0: Ball
1-0: Foul Ball, location: 2F
1-1: Foul Ball, location: 2F
1-2: Ball
2-2: Ball
3-2: Foul Ball, location: 2F
3-2: Foul Ball, location: 2F
3-2: Fly out, F5 (Line Drive, 5)
Top of the 2nd over - 1 run(s), 2 hit(s), 1 error(s), 1 left on base; Texas Christian 2 - Virginia 5
BOTTOM OF THE 2ND
Virginia Cavaliers batting - Pitching for Texas Christian Horned Frogs : LHP Joe Roberts
Batting: RHB Mark Whiffen 0-0: Ball
1-0: Ball
2-0: Ball
3-0: Called Strike
3-1: Base on Balls
Batting: RHB Bartolo Reyes 0-0: Ball
1-0: Fly out, F9 (Flyball, 9S)
Batting: SHB Walton Locke 0-0: Ball
1-0: Ball
2-0: Called Strike
2-1: Foul Ball, location: 2F
2-2: Ball
3-2: Grounds into double play, 5-4-3 (Groundball, 56)
Bottom of the 2nd over - 0 run(s), 0 hit(s), 0 error(s), 0 left on base; Texas Christian 2 - Virginia 5
TOP OF THE 3RD
Texas Christian Horned Frogs batting - Pitching for Virginia Cavaliers : RHP Michael Waller
Batting: LHB Todd Gilliam 0-0: Ball
1-0: Ball
2-0: Ball
3-0: Base on Balls
Batting: RHB Brad Ravenshaw 0-0: Ball
1-0: Called Strike
1-1: Ball
2-1: Ball
3-1: Fielders Choice at 2nd, 6-4 (Groundball, 6)
Batting: RHB Britt Short 0-0: SINGLE (Line Drive, 6MD)
Brad Ravenshaw to second
Batting: RHB Stan Davis 0-0: Grounds into double play, 6-4-3 (Groundball, 6)
Top of the 3rd over - 0 run(s), 1 hit(s), 0 error(s), 1 left on base; Texas Christian 2 - Virginia 5
BOTTOM OF THE 3RD
Virginia Cavaliers batting - Pitching for Texas Christian Horned Frogs : LHP Joe Roberts
Batting: RHB Pat McDonald 0-0: Ball
1-0: Foul Ball, location: 2F
1-1: Foul Ball, location: 2F
1-2: Ball
2-2: SINGLE (Groundball, 34) (infield hit)
Batting: RHB Eric Barthorpe 0-0: Ball
1-0: Ball
2-0: Ball
3-0: Base on Balls
Pat McDonald to second
Batting: LHB Brett Anderson 0-0: Ball
1-0: SINGLE (Groundball, 6MD)
Pat McDonald to third
Eric Barthorpe to second
Batting: LHB Pablo Espinoza 0-0: Called Strike
0-1: Foul Ball, location: 2F
0-2: Ball
1-2: Ball
2-2: Ball
3-2: Fly out, F7 (Flyball, 78M)
Runner from 3rd tags up, SCORES, throw made
Pitching: RHP Max Shepard
Batting: RHB Jonathan Reynolds 0-0: Hit by Pitch
Eric Barthorpe to third
Brett Anderson to second
Batting: LHB Domingo González 0-0: Called Strike
0-1: Ball
1-1: Ball
2-1: Swinging Strike
2-2: Ball
3-2: Base on Balls
Eric Barthorpe scores
Brett Anderson to third
Jonathan Reynolds to second
Batting: RHB Mark Whiffen 0-0: Swinging Strike
0-1: Called Strike
0-2: Strikes out swinging
Batting: RHB Bartolo Reyes 0-0: Called Strike
0-1: Swinging Strike
0-2: Ball
1-2: Ball
2-2: Ball
3-2: Ground out 3-1 (Groundball, 34)
Bottom of the 3rd over - 2 run(s), 2 hit(s), 0 error(s), 3 left on base; Texas Christian 2 - Virginia 7
TOP OF THE 4TH
Texas Christian Horned Frogs batting - Pitching for Virginia Cavaliers : RHP Michael Waller
Batting: LHB John Perkins 0-0: Called Strike
0-1: Foul Ball, location: 2F
0-2: Strikes out looking
Batting: RHB Jeff Byford 0-0: Ball
1-0: Called Strike
1-1: Ball
2-1: Foul Ball, location: 2F
2-2: Foul Ball, location: 2F
2-2: Foul Ball, location: 2F
2-2: Foul Ball, location: 2F
2-2: Ground out 6-3 (Groundball, 6)
Batting: LHB Paul Lee 0-0: Called Strike
0-1: Ball
1-1: Ball
2-1: Foul Ball, location: 2F
2-2: SINGLE (Groundball, 56S) (infield hit)
Batting: LHB Winston Lewis 0-0: Ball
Paul Lee steals 2nd base
1-0: Ball
2-0: Called Strike
2-1: Fly out, F4 (Popup, 3D)
Top of the 4th over - 0 run(s), 1 hit(s), 0 error(s), 1 left on base; Texas Christian 2 - Virginia 7
BOTTOM OF THE 4TH
Virginia Cavaliers batting - Pitching for Texas Christian Horned Frogs : RHP Max Shepard
Batting: SHB Walton Locke 0-0: Ball
1-0: Swinging Strike
1-1: Called Strike
1-2: Ground out 4-3 (Groundball, 34)
Batting: RHB Pat McDonald 0-0: Ball
1-0: Ground out 4-3 (Groundball, 4)
Batting: RHB Eric Barthorpe 0-0: Called Strike
0-1: Ball
1-1: Called Strike
1-2: Ball
2-2: Ball
3-2: Ground out 4-3 (Groundball, 4M)
Bottom of the 4th over - 0 run(s), 0 hit(s), 0 error(s), 0 left on base; Texas Christian 2 - Virginia 7
TOP OF THE 5TH
Texas Christian Horned Frogs batting - Pitching for Virginia Cavaliers : RHP Michael Waller
Batting: RHB Stan Webb 0-0: Called Strike
0-1: Reached via error on a dropped throw, E3
Batting: LHB Todd Gilliam 0-0: Called Strike
0-1: Foul Ball, location: 2F
0-2: Ball
1-2: Ball
2-2: Strikes out swinging
Pitching: RHP Cameron Waddell
Batting: RHB Brad Ravenshaw 0-0: Called Strike
0-1: Ball
1-1: Ball
2-1: Ball
3-1: Foul Ball, location: 2F
3-2: DOUBLE (Line Drive, 7LD)
Stan Webb to third
Batting: RHB Britt Short 0-0: Ball
1-0: Ball
2-0: Foul Ball, location: 2F
2-1: Foul Ball, location: 2F
2-2: Strikes out swinging
Batting: RHB Stan Davis 0-0: Ball
1-0: Ball
2-0: Ball
3-0: Base on Balls
Batting: LHB John Perkins 0-0: Ball
1-0: Swinging Strike
1-1: Fielders Choice at 2nd, 6-4 (Groundball, 6)
Top of the 5th over - 0 run(s), 1 hit(s), 1 error(s), 2 left on base; Texas Christian 2 - Virginia 7
BOTTOM OF THE 5TH
Virginia Cavaliers batting - Pitching for Texas Christian Horned Frogs : RHP Max Shepard
Batting: LHB Brett Anderson 0-0: Foul Ball, location: 2F
0-1: Swinging Strike
0-2: Strikes out looking
Batting: LHB Pablo Espinoza 0-0: Foul Ball, location: 2F
0-1: Ball
1-1: Foul Ball, location: 2F
1-2: Strikes out swinging
Batting: RHB Jonathan Reynolds 0-0: Ball
1-0: Ground out 6-3 (Groundball, 6)
Bottom of the 5th over - 0 run(s), 0 hit(s), 0 error(s), 0 left on base; Texas Christian 2 - Virginia 7
TOP OF THE 6TH
Texas Christian Horned Frogs batting - Pitching for Virginia Cavaliers : RHP Cameron Waddell
Batting: RHB Jeff Byford 0-0: Called Strike
0-1: Ball
1-1: Foul Ball, location: 2F
1-2: Ball
2-2: Foul Ball, location: 2F
2-2: Foul Ball, location: 2F
2-2: Strikes out looking
Batting: LHB Paul Lee 0-0: Called Strike
0-1: Ball
1-1: Ball
2-1: Called Strike
2-2: Ball
3-2: Fly out, F9 (Line Drive, 9)
Batting: LHB Winston Lewis 0-0: Called Strike
0-1: Ball
1-1: Ball
2-1: Foul Ball, location: 2F
2-2: Strikes out looking
Top of the 6th over - 0 run(s), 0 hit(s), 0 error(s), 0 left on base; Texas Christian 2 - Virginia 7
BOTTOM OF THE 6TH
Virginia Cavaliers batting - Pitching for Texas Christian Horned Frogs : RHP Max Shepard
Batting: LHB Domingo González 0-0: SOLO HOME RUN (Flyball, 9LD), Distance : 313 ft
Batting: RHB Mark Whiffen 0-0: Fly out, F9 (Flyball, 9LSF)
Batting: RHB Bartolo Reyes 0-0: Called Strike
0-1: Foul Ball, location: 2F
0-2: Foul Ball, location: 2F
0-2: Ball
1-2: Foul Ball, location: 2F
1-2: Strikes out swinging
Batting: SHB Walton Locke 0-0: Ball
1-0: Ball
2-0: Swinging Strike
2-1: Ball
3-1: Swinging Strike
3-2: Strikes out looking
Bottom of the 6th over - 1 run(s), 1 hit(s), 0 error(s), 0 left on base; Texas Christian 2 - Virginia 8
TOP OF THE 7TH
Texas Christian Horned Frogs batting - Pitching for Virginia Cavaliers : RHP Cameron Waddell
Batting: RHB Stan Webb 0-0: Swinging Strike
0-1: Ball
1-1: Ball
2-1: Foul Ball, location: 2F
2-2: Ball
3-2: Base on Balls
Batting: LHB Todd Gilliam 0-0: Ball
1-0: Ball
2-0: Ball
3-0: Base on Balls
Stan Webb to second
Pitching: RHP Armando Lazaro
Batting: RHB Brad Ravenshaw 0-0: Ball
1-0: Swinging Strike
1-1: Fielders Choice at 2nd, 4-6 (Groundball, 4)
Stan Webb to third
Batting: RHB Britt Short 0-0: Foul Ball, location: 2F
0-1: Ball
1-1: Ball
2-1: Called Strike
2-2: Fly out, F9 (Flyball, 9D)
Runner from 3rd tags up, SCORES, throw made
Batting: RHB Stan Davis 0-0: Fielders Choice at 2nd, 6-4 (Groundball, 6)
Top of the 7th over - 1 run(s), 0 hit(s), 0 error(s), 0 left on base; Texas Christian 3 - Virginia 8
BOTTOM OF THE 7TH
Virginia Cavaliers batting - Pitching for Texas Christian Horned Frogs : RHP Max Shepard
Pitching: RHP Broderick Bower
Batting: RHB Pat McDonald 0-0: Ball
1-0: Foul Ball, location: 2F
1-1: Fly out, F2 (Popup, 34S)
Batting: RHB Eric Barthorpe 0-0: Ball
1-0: Called Strike
1-1: Ball
2-1: Ball
3-1: Foul Ball, location: 2F
3-2: Strikes out looking
Batting: LHB Brett Anderson 0-0: Ball
1-0: Called Strike
1-1: Foul Ball, location: 2F
1-2: Foul Ball, location: 2F
1-2: Foul Ball, location: 2F
1-2: SINGLE (Groundball, 4MD)
Batting: LHB Pablo Espinoza 0-0: Ball
1-0: Called Strike
1-1: 2-RUN HOME RUN (Line Drive, 9LD), Distance : 334 ft
Batting: RHB Jonathan Reynolds 0-0: Fly out, F7 (Flyball, 7)
Bottom of the 7th over - 2 run(s), 2 hit(s), 0 error(s), 0 left on base; Texas Christian 3 - Virginia 10
TOP OF THE 8TH
Texas Christian Horned Frogs batting - Pitching for Virginia Cavaliers : RHP Armando Lazaro
Batting: LHB John Perkins 0-0: Ball
1-0: Foul Ball, location: 2F
1-1: Foul Ball, location: 2F
1-2: Strikes out swinging
Batting: RHB Jeff Byford 0-0: Called Strike
0-1: Foul Ball, location: 2F
0-2: Strikes out looking
Batting: LHB Paul Lee 0-0: Ball
1-0: Foul Ball, location: 2F
1-1: Ground out U3 (Groundball, 34)
Top of the 8th over - 0 run(s), 0 hit(s), 0 error(s), 0 left on base; Texas Christian 3 - Virginia 10
BOTTOM OF THE 8TH
Virginia Cavaliers batting - Pitching for Texas Christian Horned Frogs : RHP Broderick Bower
Batting: LHB Domingo González 0-0: Ground out 6-3 (Groundball, 56)
Batting: RHB Mark Whiffen 0-0: SINGLE (Flyball, 89S)
Batting: RHB Bartolo Reyes 0-0: Ball
1-0: Called Strike
1-1: Ball
2-1: Ball
3-1: Foul Ball, location: 2F
3-2: Foul Ball, location: 2F
3-2: Base on Balls
Mark Whiffen to second
Batting: SHB Walton Locke 0-0: Called Strike
0-1: Ball
1-1: Called Strike
1-2: Ball
2-2: Ball
3-2: Base on Balls
Mark Whiffen to third
Bartolo Reyes to second
Pitching: RHP Hsin-pei Hong
Batting: RHB Pat McDonald 0-0: GRAND SLAM HOME RUN (Flyball, 78XD), Distance : 389 ft
Batting: RHB Eric Barthorpe 0-0: Ball
1-0: Ball
2-0: Ball
3-0: Foul Ball, location: 2F
3-1: Foul Ball, location: 2F
3-2: Foul Ball, location: 2F
3-2: Foul Ball, location: 2F
3-2: Foul Ball, location: 2F
3-2: Foul Ball, location: 2F
3-2: Base on Balls
Batting: LHB Brett Anderson 0-0: Ball
1-0: Called Strike
1-1: Ball
2-1: Foul Ball, location: 2F
2-2: Foul Ball, location: 2F
2-2: Ball
3-2: Base on Balls
Eric Barthorpe to second
Batting: LHB Pablo Espinoza 0-0: Ball
1-0: Ball
2-0: Ball
3-0: Base on Balls
Eric Barthorpe to third
Brett Anderson to second
Batting: RHB Jonathan Reynolds 0-0: Called Strike
0-1: Ball
1-1: GRAND SLAM HOME RUN (Flyball, 9LD), Distance : 320 ft
Pitching: RHP Brian López
Batting: LHB Domingo González 0-0: Fly out, F8 (Flyball, 8RD)
Batting: RHB Mark Whiffen 0-0: Called Strike
0-1: Ground out 6-3 (Groundball, 6)
Bottom of the 8th over - 8 run(s), 3 hit(s), 0 error(s), 0 left on base; Texas Christian 3 - Virginia 18
TOP OF THE 9TH
Texas Christian Horned Frogs batting - Pitching for Virginia Cavaliers : RHP Armando Lazaro
Batting: LHB Winston Lewis 0-0: Foul Ball, location: 2F
0-1: SOLO HOME RUN (Flyball, 9D), Distance : 361 ft
Batting: RHB Stan Webb 0-0: Ground out 4-3 (Groundball, 4M)
Batting: LHB Todd Gilliam 0-0: Called Strike
0-1: Ball
1-1: Ball
2-1: SINGLE (Groundball, 34) (infield hit)
Batting: RHB Brad Ravenshaw 0-0: Called Strike
0-1: Swinging Strike
0-2: Strikes out looking
Batting: RHB Britt Short 0-0: Ball
1-0: Called Strike
1-1: Called Strike
1-2: Strikes out looking
Top of the 9th over - 1 run(s), 2 hit(s), 0 error(s), 1 left on base; Texas Christian 4 - Virginia 18
Thursday, March 30th, 2017 - OOTP Baseball 17.12 Build 75